 Dungeon Crawl Stone Soup version 0.30-a0-365-ge7f957f1db (webtiles) character file.

Game seed: 16115600844534364149

2 Manisia the Insei (level 1, 17/17 HPs)
             Began as a Djinni Transmuter on Nov 17, 2022.
             Quit the game on level 1 of the Dungeon.
             The game lasted 00:00:32 (306 turns).

Manisia the Insei (Djinni Transmuter)                Turns: 306, Time: 00:00:32

Health: 17/17      AC:  2    Str:  9    XL:     1   Next: 44%
Gold:   35         EV: 12    Int: 14    God:
                   SH:  0    Dex: 13

rFire   + + .      SeeInvis .      - Unarmed
rCold   x . .      Faith    .    (no shield)
rNeg    . . .      Spirit   .    a - +0 robe
rPois   ∞          Reflect  .    (no helmet)
rElec   .          Harm     .    (no cloak)
rCorr   .          Rampage  .    (no gloves)
Will    .....                    (boots unavailable)
Stlth   +.........               (no amulet)
HPRegen 0.22/turn                (no ring)
MPRegen 0.00/turn                (no ring)

@: flying
A: sickness immunity, fire resistance 2, cold vulnerability 1, float, innate
caster, HP casting, extra vitality 1
a: no special abilities


You were on level 1 of the Dungeon.
You visited 1 branch of the dungeon, and saw 1 of its levels.

You collected 35 gold pieces.

Inventory:

Armour
 a - a +0 robe (worn)
Scrolls
 e - a scroll of silence {unknown}
Potions
 b - a potion of lignification
 c - a potion of resistance {unknown}
 d - a potion of haste {unknown}
 f - a potion of brilliance {unknown}


   Skills:
 + Level 1.0 Fighting
 + Level 2.1 Dodging
 + Level 3.2 Unarmed Combat
 + Level 1.5 Spellcasting


You couldn't memorise any spells.
You knew the following spells:

 Your Spells              Type           Power      Damage    Failure   Level
a - Beastly Appendage     Tmut           10%        N/A       13%         1
b - Wereblood             Tmut           5%         N/A       21%         2
c - Spider Form           Tmut/Pois      5%         N/A       36%         3
d - Ice Form              Ice/Tmut       5%         N/A       78%         4
Your spell library was empty.

Dungeon Overview and Level Annotations

Branches:
Dungeon (1/15)

Altars:


Innate Abilities, Weirdness & Mutations

You are immune to sickness and miasma.
You are immune to poison.
Your flesh is very heat resistant. (rF++)
You are vulnerable to cold. (rC-)
You float through the air rather than walking.
You learn spells naturally, not from books.
Your magical power is your life essence.
You have superior vitality. (+4 MHP)


Message History

You kill the endoplasm!
No target in view!
HP restored.
Your horns disappear.
Found a ring mail.
A ball python comes into view.
A ball python is nearby!
The ball python hisses angrily.
Casting: Beastly Appendage (safe; 13% risk of failure)
Confirm with . or Enter, or press ? or * to list all spells.
You grow a pair of large bovine horns.
You hit the ball python. Your headbutt misses the ball python.
The ball python is moderately wounded.
The ball python misses you. The ball python barely misses you.
You closely miss the ball python.
The ball python is moderately wounded.
The ball python bites you. The ball python barely misses you.
You closely miss the ball python. The ball python barely misses you. x2
You closely miss the ball python. You headbutt the ball python.
You kill the ball python!
No target in view!
Your transformation is almost over.
Your horns disappear.
You now have 8 gold pieces.
You reach down and open the door.
There is an open door here.
c - a fizzy red potion
Found 6 stones.
No target in view!
d - a murky coppery potion
e - a scroll labelled PERATA REUCOCW
There is an open door here.
You now have 23 gold pieces (gained 15).
Found a stone staircase leading down.
Found a trident.
f - a coppery potion You now have 35 gold pieces (gained 12).
An endoplasm comes into view.
Unknown command.
Are you sure you want to abandon this character and quit the game? (Confirm with "yes".)

##.#...#.# ... .....
... .... # #
#.###.####.# #.#.
#.#.....##.#
#.#.##.#.....##>##
...#.............# #
.###.#.#........##..#
#
.......@........##..#
#
...###.).....#####..#
# #..............# #
#.......######.# #
##.....## #.####
##...########.....
##...............
###########...##
#...#


There were no monsters in sight!

Vanquished Creatures
  A ball python (D:1)
  An endoplasm (D:1)
2 creatures vanquished.

Notes
Turn   | Place    | Note
-------+----------+-------------------------------------------
     0 | D:1      | Manisia the Djinni Transmuter began the quest for the Orb.
     0 | D:1      | Manisia set off with the following spells memorised:
                  | Beastly Appendage, Wereblood, Spider Form, Ice Form.
     0 | D:1      | Reached XP level 1. HP: 17/17 MP: 0/0
   306 | D:1      | Quit the game

Illustrated notes

Levels and vault maps discovered:
D:1:      wheals_arrival_linesprint, layout_loops_ring, kennysheep_small_spiral

Action                   || total
-------------------------++-------
Melee: Unarmed           ||     6
       Headbutt          ||     2
 Cast: Beastly Appendage ||     2
Dodge: Dodged            ||     6

Table legend: (Time is in decaauts)
 A = Elapsed time spent in this place.
 B = Non-inter-level travel time spent in this place.
 C = Inter-level travel time spent in this place.
 D = Time resting spent in this place.
 E = Time spent auto-exploring this place.
 F = Levels seen in this place.
 G = Mean time per level.
                   A        B        C        D        E       F      G
               +--------+--------+--------+--------+--------+-----+--------+
         Total |    305 |    305 |      0 |      0 |    275 |   1 |  305.0 |
       Dungeon |    305 |    305 |      0 |      0 |    275 |   1 |  305.0 |
               +--------+--------+--------+--------+--------+-----+--------+

Top non-repeatable levels by time:
     D:1: 305 daAuts
